 Dungeon Crawl Stone Soup version 0.27.1-1-g398f81649c (webtiles) character file.

Game seed: 3741296265116630476

2342 Metae the Covered (level 9, -2/79 HPs)
             Began as a Minotaur Fighter on Sept 20, 2021.
             Was an Initiate of Makhleb.
             Succumbed to Mesmaeker13's ghost's poison
             ... on level 7 of the Dungeon.
             The game lasted 00:26:04 (8360 turns).

Metae the Covered (Minotaur Fighter)                Turns: 8360, Time: 00:26:04

Health: -2/79      AC: 16    Str: 22 (24) XL:     9   Next: 20%
Magic:  9/9        EV: 11    Int:  4 (5)  God:    Makhleb [......]
Gold:   350        SH: 10    Dex:  7 (10) Spells: 8/8 levels left

rFire    . . .     SeeInvis .   l - +0 trident
rCold    . . .     Faith    .   c - +0 kite shield
rNeg     . . .     Spirit   .   h - +1 chain mail
rPois    .         Reflect  .   (helmet restricted)
rElec    .         Harm     .   o - +2 cloak
rCorr    .         Rampage  .   n - +0 pair of gloves
Will     .....                  (no boots)
Stlth    ..........             (no amulet)
HPRegen  0.23/turn              q - +4 ring of evasion
MPRegen  0.11/turn              (no ring)

@: mighty, lethally poisoned (-2 -> -28)
A: horns 2, retaliatory headbutt
a: Renounce Religion


You were on level 7 of the Dungeon.
You worshipped Makhleb.
Makhleb was noncommittal.
You visited 2 branches of the dungeon, and saw 8 of its levels.

You collected 350 gold pieces.

Inventory:

Hand Weapons
 l - a +0 trident (weapon)
 u - the +7 quarterstaff "Osiuj" {antimagic, rPois Int+2 Dex+4}
   (You found it on level 6 of the Dungeon)

   It reduces the magical energy of the wielder, and disrupts the spells and
   magical abilities of those it strikes.
   Natural abilities and divine invocations are not affected.
   Int:       It affects your intelligence (+2).
   Dex:       It affects your dexterity (+4).
   rPois:     It protects you from poison.
Armour
 b - a +0 scale mail
 c - a +0 kite shield (worn)
 h - a +1 chain mail (worn)
 n - a +0 pair of gloves (worn)
 o - a +2 cloak (worn)
Jewellery
 q - a +4 ring of evasion (left hand)
 s - a ring of protection from fire
Wands
 p - a wand of flame (16)
Scrolls
 a - a scroll of brand weapon
 e - 4 scrolls of blinking
 g - 2 scrolls of fog
 i - 2 scrolls of enchant armour
 j - 2 scrolls of amnesia {unknown}
 m - a scroll of vulnerability
 r - a scroll of identify {unknown}
 v - a scroll of fear {unknown}
Potions
 f - 2 potions of curing


   Skills:
 + Level 7.5 Fighting
 + Level 6.9 Polearms
 + Level 7.5 Armour
 - Level 5.1 Dodging
 + Level 7.5 Shields
 + Level 1.7 Invocations
 + Level 1.4 Evocations


You had 8 spell levels left.
You didn't know any spells.
Your spell library contained the following spells:

 Spells                   Type           Power      Damage    Failure   Level
 Magic Dart               Conj           0%         1d3       100%        1
 Sting                    Tmut/Pois      0%         1d3       100%        1
 Call Imp                 Summ           0%         N/A       100%        2
 Gell's Gravitas          Tloc           0%         N/A       100%        3
 Lesser Beckoning         Tloc           0%         N/A       100%        3
 Mephitic Cloud           Conj/Pois/Air  0%         N/A       100%        3
 Teleport Other           Tloc           0%         N/A       100%        3
 Hailstorm                Conj/Ice       0%         3d3       100%        4
 Ice Form                 Ice/Tmut       0%         N/A       100%        4
 Petrify                  Tmut/Erth      0%         N/A       100%        4
 Summon Lightning Spire   Summ/Air       0%         N/A       100%        4
 Summon Forest            Summ/Tloc      0%         N/A       100%        5
 Eringya's Noxious Bog    Tmut/Pois      0%         N/A       100%        6
 Simulacrum               Ice/Necr       0%         N/A       100%        6
 Spellforged Servitor     Conj/Summ      0%         N/A       100%        7
 Summon Hydra             Summ           0%         N/A       100%        7


Dungeon Overview and Level Annotations

Branches:
Dungeon (7/15)             Temple (1/1) D:6

Altars:
Ashenzari
Cheibriados
Dithmenos
Elyvilon
Fedhas
Gozag
Hepliaklqana
Kikubaaqudgha
Makhleb
Nemelex Xobeh
Qazlal
Ru
Sif Muna
Uskayaw
Vehumet
Wu Jian
Xom
Yredelemnul
Zin
The Shining One

Annotations:
D:4 1 runed translucent door
D:7 Mesmaeker13's ghost, novice BaSu


Innate Abilities, Weirdness & Mutations

You have a pair of horns on your head.
You reflexively headbutt those who attack you in melee.


Message History

Mesmaeker13's ghost is severely damaged.
You feel very sick. You block the ice beast's attack.
The ice beast completely misses you. You furiously retaliate!
You headbutt the ice beast!
Mesmaeker13's ghost hits you but does no damage.
You are more poisoned.
The ice beast closely misses you. You furiously retaliate!
You headbutt the ice beast.
The ice beast hits you but does no damage.
You closely miss Mesmaeker13's ghost.
Mesmaeker13's ghost is severely damaged.
You feel very sick.
The ice beast hits you but does no damage.
Mesmaeker13's ghost hits you.
* * * LOW HITPOINT WARNING * * *
You are lethally poisoned!
The ice beast hits you but does no damage.
The shadow imp barely misses you. You block the ice beast's attack.
You puncture Mesmaeker13's ghost!
Mesmaeker13's ghost is severely damaged.
* * * LOW HITPOINT WARNING * * *
You feel very sick. The ice beast completely misses you.
Mesmaeker13's ghost closely misses you. You block the ice beast's attack.
You block the shadow imp's attack.
The ice beast hits you but does no damage.
You barely miss Mesmaeker13's ghost.
Mesmaeker13's ghost is severely damaged.
* * * LOW HITPOINT WARNING * * *
You feel very sick. The ice beast barely misses you.
Mesmaeker13's ghost gestures wildly while chanting.
The ice beast hits you but does no damage.
The shadow imp hits you but does no damage.
The ice beast hits you but does no damage.
The ice beast barely misses you. Mesmaeker13's ghost hits you.
* * * LOW HITPOINT WARNING * * *
You are more poisoned.
You hit Mesmaeker13's ghost.
Mesmaeker13's ghost is almost destroyed.
You die...

.....#..#..
#..#....#.....###.#
..#.............. #
..Z............. .
#####......... .... .
#..#.......... ..# .
###....5#Y..##.####.### .
##.....ZY@Yr.##..#...#.##.
#....<..#W#.............<.
#......##5##.....####.....
#.....##.b.##.....#.......
#....##.....##.#.#........
##....#⌠..♣!.⌠#.#.........#
##..##.##.....##.#.†......##
#.......##...##............
......>...##⌠##...##.........


You could see 3 ice beasts, an iron imp (summoned), Mesmaeker13's ghost, a
shadow imp (summoned), a wyvern zombie, a bat (summoned) and a rat (summoned).

Vanquished Creatures
  3 water moccasins
  A black bear (D:4)
  2 ice beasts
  The ghost of Millie the Shield-Bearer, an amateur MiFi (D:4)
  3 necrophages
  An ogre (D:5)
  3 centaurs
  A kobold brigand (D:6)
  4 bullfrogs
  Blork the orc (D:4)
  2 scorpions
  A wyvern skeleton (D:6)
  A wyvern zombie (D:5)
  A jelly (D:6)
  Crazy Yiuf (D:2)
  2 hounds
  A centaur skeleton (D:6)
  An iguana (D:5)
  2 hound skeletons (D:4)
  3 howler monkey zombies
  4 gnolls (D:5)
  2 river rats (D:4)
  4 adders
  A shadow imp (D:6)
  A white imp (D:6)
  3 worms
  2 dart slugs
  6 orcs
  5 endoplasms
  6 giant cockroaches
  5 goblins
  7 hobgoblins
  A quokka (D:1)
  9 ball pythons
  7 bats
  2 frilled lizards
  13 kobolds
  4 rats
117 creatures vanquished.

Vanquished Creatures (others)
  6 plants (D:5)
6 creatures vanquished.

Grand Total: 123 creatures vanquished

Notes
Turn   | Place    | Note
-------+----------+-------------------------------------------
     0 | D:1      | Metae the Minotaur Fighter began the quest for the Orb.
     0 | D:1      | Reached XP level 1. HP: 19/19 MP: 0/0
   367 | D:1      | Reached XP level 2. HP: 27/27 MP: 1/1
   991 | D:2      | Reached XP level 3. HP: 26/33 MP: 2/2
  1794 | D:2      | Found a runed translucent door.
  1795 | D:2      | Noticed Crazy Yiuf
  2022 | D:3      | Reached XP level 4. HP: 27/40 MP: 3/3
  2157 | D:3      | Noticed a bullfrog
  2169 | D:3      | Killed a bullfrog
  2170 | D:3      | Reached skill level 1 in Dodging
  2425 | D:3      | Reached XP level 5. HP: 47/47 MP: 4/4
  3154 | D:4      | Noticed a black bear
  3176 | D:4      | Killed a black bear
  3180 | D:4      | Reached XP level 6. HP: 21/55 MP: 5/5
  3473 | D:4      | Found a runed translucent door.
  3476 | D:4      | Noticed Millie's ghost (amateur MiFi)
  3492 | D:4      | Reached skill level 5 in Armour
  3512 | D:4      | Found a runed translucent door.
  3647 | D:4      | Found a basalt altar of Yredelemnul.
  3655 | D:4      | Reached skill level 5 in Fighting
  3655 | D:4      | Reached skill level 5 in Shields
  3706 | D:4      | Noticed Blork the orc
  3716 | D:4      | Killed Blork the orc
  4081 | D:2      | Killed Crazy Yiuf
  4369 | D:5      | Entered Level 5 of the Dungeon
  4573 | D:5      | Reached XP level 7. HP: 30/61 MP: 6/6
  4736 | D:5      | Found a hazy altar of Hepliaklqana.
  4856 | D:5      | Reached skill level 5 in Polearms
  5360 | D:5      | Reached XP level 8. HP: 57/70 MP: 7/7
  6120 | D:4      | Killed Millie's ghost
  6409 | D:6      | Found a shimmering altar of Xom.
  6617 | D:6      | Found a staircase to the Ecumenical Temple.
  6623 | Temple   | Entered the Ecumenical Temple
  6904 | Temple   | Became a worshipper of the Shining One
  6919 | D:6      | Found a radiant altar of Vehumet.
  6956 | D:5      | Was placed under penance by the Shining One
  6959 | D:5      | Reached skill level 5 in Dodging
  7251 | D:6      | Got the Handbook of Creative Transmigration
  7446 | D:6      | Reached XP level 9. HP: 76/79 MP: 8/8
  7490 | D:6      | Reached skill level 1 in Invocations
  7575 | D:6      | Reached skill level 1 in Evocations
  7600 | D:6      | Identified the +7 quarterstaff "Osiuj" {antimagic, rPois
                  | Int+2 Dex+4}
  7730 | D:6      | Found a stormy altar of Qazlal.
  7747 | D:6      | Found a sacrificial altar of Ru.
  8115 | Temple   | Fell from the grace of the Shining One
  8115 | Temple   | Became a worshipper of Makhleb the Destroyer
  8272 | D:7      | Found a runed translucent door.
  8272 | D:7      | Noticed Mesmaeker13's ghost (novice BaSu)
  8359 | D:7      | HP: 3/79 [Mesmaeker13's ghost (2)]
  8360 | D:7      | Succumbed to Mesmaeker13's ghost's poison

Illustrated notes

Levels and vault maps discovered:
D:1:      dpeg_arrival_oval, layout_basic, serial_park_tiny_1
D:2:      layout_loops_ring, uniq_crazy_yiuf_cottage
D:3:      layout_loops_corners
D:4:      layout_rooms, mainiacjoe_overflow_24_doors, ebering_ghost_sewer_f,
          uniq_blork_the_orc
D:5:      layout_basic, nicolae_hepliaklqana_hazy_memory
D:6:      layout_gridville, grunt_qazlal_clouds, vehumet_altar_wand_db,
          mainiacjoe_overflow_six_doors_small,
          mainiacjoe_overflow_cross_hatched,
          minmay_temple_entry_statues_pillars, corner_web_ring,
          minmay_fractal_squares_diagonal_5
D:7:      layout_cave_pools, tgw_trog, mainiacjoe_overflow_boulevard,
          serial_shops, kennysheep_little_box, hellmonk_ghost_happy_afterlife,
          hex_large, uniq_joseph
Temple:   eino_temple_water

Skill      XL: |  1  2  3  4  5  6  7  8  9 |
---------------+----------------------------+-----
Fighting       | 4 5 6 7 |  7.5
Polearms       | 3 4 5 6 |  6.9
Armour         | 4 5 6 7 |  7.5
Shields        | 4 5 6 7 |  7.5
Dodging        | 1 2 3 4 5 |  5.1
Invocations    | 1 |  1.7
Evocations     | 1 |  1.4

Action                   |  1- 3 |  4- 6 |  7- 9 || total
-------------------------+-------+-------+-------++-------
Melee: Trident           |    91 |   126 |   229 ||   446
       Headbutt          |    12 |    19 |    36 ||    67
  Use: Potion            |       |     1 |     4 ||     5
       Scroll            |       |       |     7 ||     7
Armor: Scale mail        |    29 |       |       ||    29
       Chain mail        |    29 |    59 |   126 ||   214
Dodge: Dodged            |    35 |    30 |   146 ||   211
Block: Kite shield       |    61 |    76 |   165 ||   302
